AoeStats
← CASAMITO, O GRANDE

Arabia

508314602Analyzed
3v3 RM · 12d ago on Sep 21, 2026· 64m 11s· 6 players
Game mode
Random Map
Map size
Normal (6 player)
Population
200
Speed
Normal
Resources
Standard
Victory
Conquest
Starting age
Dark Age
Ending age
Imperial Age
RankedLock teamsTeams togetherTeam positionsShared explorationLock speedFull tech treeHidden civsTurbo modeCheats
Victory
Defeat
🇧🇷 Khmer · Brazil
937
+9
🇧🇷 Malians · Brazil
898
+10
🇧🇷 Cumans · Brazil
842
+23
🇹🇷 Mongols · Türkiye
809
-12
🇨🇱 Mapuche · Chile
766
-10
🇲🇦 Goths · Morocco
743
-10
SonOfRain
10:24 Feudal Age
11:41 Horse Collar
11:51 Double-Bit Axe
13:27 Stone Mining
22:42 Castle Age
20:40 Gold Mining
22:01 Padded Archer Armor
21:53 Fletching
22:22 Forging
24:11 Bow Saw
25:53 Ballistics
27:11 Gold Shaft Mining
27:25 Stone Shaft Mining
27:37 Leather Archer Armor
27:18 Bodkin Arrow
32:37 Imperial Age
32:37 Masonry
33:49 Elite Mangudai
36:50 Chemistry
35:59 Husbandry
37:21 Bracer
37:44 Conscription
41:58 Wheelbarrow
41:09 Town Watch
45:57 Hand Cart
45:42 Town Patrol
50:38 Elite Skirmisher
53:26 Iron Casting
56:22 Scale Mail Armor
57:23 Blast Furnace
GLORY MUSTAF
3:48 Loom
11:17 Feudal Age
12:57 Man-at-Arms
15:29 Scale Mail Armor
25:25 Forging
32:20 Double-Bit Axe
35:34 Horse Collar
40:23 Castle Age
40:34 Long Swordsman
41:35 Chain Mail Armor
53:33 Squires
52:54 Pikeman
56:07 Bow Saw
Carrizuwu
12:06 Feudal Age
12:29 Champi Runner
18:07 Forging
17:57 Scale Mail Armor
24:22 Loom
33:05 Castle Age
39:41 Wheelbarrow
39:58 Town Watch
41:33 Fletching
41:44 Padded Archer Armor
42:47 Double-Bit Axe
42:43 Horse Collar
42:25 Elite Skirmisher
42:26 Pikeman
50:50 Imperial Age
50:40 Sanctity
51:07 Fervor
55:53 Iron Casting
55:13 Bodkin Arrow
55:34 Chain Mail Armor
55:35 Leather Archer Armor
56:02 Iron Casting
55:42 Chain Mail Armor
55:43 Elite Bolas Rider
Robert
1:35 Loom
11:56 Feudal Age
11:58 Man-at-Arms
12:58 Double-Bit Axe
14:16 Forging
14:12 Arson
15:00 Horse Collar
16:50 Scale Mail Armor
16:41 Fletching
23:14 Castle Age
23:18 Long Swordsman
25:37 Chain Mail Armor
27:12 Iron Casting
27:15 Bow Saw
30:56 Heavy Plow
31:28 Bodkin Arrow
32:15 Town Watch
33:08 Wheelbarrow
33:25 Elite Skirmisher
35:56 Squires
45:45 Padded Archer Armor
45:37 Gold Mining
45:41 Stone Mining
49:07 Imperial Age
48:38 Hand Cart
50:18 Stone Shaft Mining
50:19 Gold Shaft Mining
51:38 Ballistics
51:16 Murder Holes
52:22 Chemistry
55:51 Thumb Ring
64:06 Conscription
63:09 Elite Gbeto
CASAMITO, O GRANDE
0:31 Loom
12:10 Feudal Age
12:36 Feudal Age
20:45 Castle Age
23:01 Gold Mining
22:59 Double-Bit Axe
25:26 Thumb Ring
27:07 Horse Collar
28:19 Wheelbarrow
29:30 Ballistics
33:45 Padded Archer Armor
33:35 Fletching
34:17 Hand Cart
35:46 Leather Archer Armor
35:35 Steppe Husbandry
38:10 Imperial Age
37:12 Bloodlines
37:49 Stone Mining
38:34 Gold Shaft Mining
38:41 Bodkin Arrow
38:19 Elite Steppe Lancer
39:42 Bow Saw
40:20 Elite Kipchak
41:21 Conscription
42:42 Chemistry
43:10 Pikeman
43:50 Squires
44:17 Parthian Tactics
44:26 Ring Archer Armor
44:02 Scale Barding Armor
45:36 Cavalier
47:51 Paladin
52:07 Town Watch
51:48 Elite Skirmisher
52:58 Chain Barding Armor
52:38 Scale Mail Armor
52:49 Forging
64:35 Two-Man Saw
BiG
0:30 Loom
11:32 Feudal Age
15:58 Castle Age
16:09 Double-Bit Axe
17:17 Wheelbarrow
21:20 Bloodlines
22:12 Forging
22:43 Scale Barding Armor
23:43 Husbandry
28:01 Fletching
31:08 Gold Mining
34:30 Hand Cart
34:42 Bow Saw
37:00 Iron Casting
36:46 Chain Barding Armor
40:44 Imperial Age
41:57 Heavy Scorpion
48:51 Gold Shaft Mining
49:21 Plate Barding Armor
49:46 Blast Furnace
56:42 Blast Furnace
58:19 Chemistry
57:40 Ballistics
58:09 Double Crossbow
Connection lost

Rejoining the realm…

Still unreachable

The connection could not be restored.

Session expired

The server has moved on; the page needs a fresh start.